 Dungeon Crawl Stone Soup version 0.30-a0-996-ga6910c8ee8 (webtiles) character file.

Game seed: 8128040845155022032

85 mandoloar the Insei (level 4, -5/29 HPs)
             Began as an Octopode Transmuter on Apr 4, 2023.
             Slain by Sigmund
             ... wielding a +0 scythe
              (10 damage)
             ... on level 2 of the Dungeon.
             The game lasted 00:05:15 (2369 turns).

mandoloar the Insei (Octopode Transmuter)           Turns: 2369, Time: 00:05:16

Health: -5/29      AC:  1    Str:  9    XL:     4   Next: 48%
Magic:  8/8        EV: 13    Int: 17    God:
Gold:   100        SH:  0    Dex: 12    Spells: 5/8 levels left

rFire   . . .      SeeInvis .      - Unarmed
rCold   . . .      Faith    .    (no shield)
rNeg    . . .      Spirit   .    (helmet restricted)
rPois   .          Reflect  .    (no amulet)
rElec   .          Rampage  .    (no ring)
rCorr   .                        (no ring)
Will    .....                    (no ring)
Stlth   ++                       (no ring)
HPRegen 0.24/turn                (no ring)
MPRegen 0.11/turn                (no ring)
                                 (no ring)
                                 (no ring)

@: confused, weak-willed
A: almost no armour, amphibious, 8 rings, camouflage 1, gelatinous body 1,
(nimble swimmer 1), tentacles
a: no special abilities


You were on level 2 of the Dungeon.
You visited 1 branch of the dungeon, and saw 2 of its levels.

You collected 100 gold pieces.

Inventory:

Missiles
 e - 3 silver boomerangs
 f - 23 stones
Potions
 a - a potion of lignification
 b - a potion of curing {unknown}


   Skills:
 + Level 2.2 Fighting
 - Level 2.0 Dodging
 + Level 3.6 Unarmed Combat
 + Level 2.7 Spellcasting
 + Level 2.7 Transmutations


You had 5 spell levels left.
You knew the following spells:

 Your Spells              Type           Power      Damage    Failure   Level
a - Beastly Appendage     Tmut           22%        N/A       6%          1
b - Wereblood             Tmut           11%        N/A       9%          2

Your spell library contained the following spells:

 Spells                   Type           Power      Damage    Failure   Level
 Spider Form              Tmut/Pois      7%         N/A       30%         3
 Ice Form                 Ice/Tmut       7%         N/A       71%         4


Dungeon Overview and Level Annotations

Branches:
Dungeon (2/15)

Altars:

Annotations:
D:2 Sigmund


Innate Abilities, Weirdness & Mutations

You cannot wear most types of armour.
You are amphibious.
You can wear up to eight rings at the same time.
Your skin changes colour to match your surroundings (Stealth+).
Your rubbery body absorbs attacks. (AC +1, EV +1)
((You are camouflaged when in or above water. (Stealth+)))
You have tentacles for arms and can constrict up to eight enemies at once.


Message History

Sigmund hits you but does no damage.
Sigmund giggles. "Time to reap what you sow."
Sigmund mumbles some strange words.
Sigmund flickers and vanishes!
Deactivating autopickup; reactivate with Ctrl-A.
You are stuck in your current form!
You cannot move.
You cannot move.
You cannot move.
You cannot move.
You cannot move.
You cannot move.
As you read the scroll labelled VEWKUO CYFIUWNOUDD, it crumbles to dust.
Magic quickly surges around you.
It was a scroll of vulnerability.
Something hits you.
The air fills with toxic fumes!
As you read the scroll labelled JYUGEU OTINEHO, it crumbles to dust.
It was a scroll of poison.
Your transformation is almost over.
A magic dart appears from out of thin air!
The magic dart hits you.
You hear some strange, mumbled words.
You are confused.
You hear some strange, mumbled words.
You are more confused.
Something hits you but does no damage. Something hits you.
Something hits you but does no damage. Something hits you.
You feel less wooden. Something barely misses you. Something hits you!
* * * LOW HITPOINT WARNING * * *
Okay, then.
You are too injured to fight recklessly!
You are too injured to fight recklessly!
You're too confused to cast spells.
Sorry, you're not good enough to have a special ability.
Something hits you!
You die...

*,*####.#.##..,**#...#......# *,*
#§#.☼☼☼.,,,#.§.#....... *,*
###☼..○°○§,**#.≈.###.#### *,*
#☼.○.§.○☼#####.≈[###.#### *,*
#☼.○.○○☼.##..#...#.....##
*****,**#§.○..○.○##..#...#.....##
,,,,,,,,.☼°§.§○.{'...##'##.....##
****,,,,.°.○°☼°○§##..#...###.####
*,,,,,.###☼†☼@##.##.#.###.####
*,,,,,,* #.§§§####.###.##...).
*,,,,,,* ####§# ##.# #.#######
*,,,,,,* #○# #.## ##.#.####
******** #○###.# #.##.... #§##.##
##.##... #°##.# #.##... #§§..#
#..#... ###### ##.....


There were no monsters in sight!

Vanquished Creatures
  An orc wizard (D:2)
  2 adders (D:2)
  A dart slug (D:1)
  3 worms (D:2)
  3 orcs (D:2)
  A ball python (D:2)
  3 endoplasms (D:1)
  A goblin (D:1)
  2 hobgoblins (D:1)
  5 kobolds
  3 quokkas (D:2)
  2 bats
  3 rats
30 creatures vanquished.

Notes
Turn   | Place    | Note
-------+----------+-------------------------------------------
     0 | D:1      | mandoloar the Octopode Transmuter began the quest for the
                  | Orb.
     0 | D:1      | Reached XP level 1. HP: 13/13 MP: 3/3
   131 | D:1      | Found a faded altar of an unknown god.
   163 | D:1      | You fall into a shaft and drop 1 floor!
   244 | D:2      | Reached XP level 2. HP: 7/18 MP: 3/5
  1357 | D:2      | Reached XP level 3. HP: 23/23 MP: 4/6
  1361 | D:2      | Learned a level 2 spell: Wereblood
  1365 | D:2      | Noticed Sigmund
  1796 | D:2      | Reached XP level 4. HP: 26/29 MP: 5/7
  2369 | D:2      | Slain by Sigmund

Illustrated notes

Levels and vault maps discovered:
D:1:      heliophobic_arrival_glass_houses, layout_loops_cross,
          ebering_ecumenical_altar_hall, minmay_misc_feat_columns
D:2:      layout_basic, grunt_decor_clamped, uniq_sigmund

Skill      XL: |  1  2  3 |
---------------+----------+-----
Fighting       | 2 |  2.2
Dodging        | |  2.0
Unarmed Combat | |  3.6
Spellcasting   | |  2.7
Transmutations | |  2.7

Action                     |  1- 3 |  4- 6 || total
---------------------------+-------+-------++-------
  Melee: Unarmed           |    51 |    14 ||    65
         Kick              |    18 |     6 ||    24
         Tentacles         |    13 |     2 ||    15
         Constrict         |    10 |     4 ||    14
         Punch             |     1 |       ||     1
   Cast: Beastly Appendage |    17 |     5 ||    22
    Use: Scroll            |     4 |     2 ||     6
         Potion            |       |     1 ||     1
   Stab: Sleeping          |     2 |       ||     2
 Armour: Skin              |     5 |    18 ||    23
  Dodge: Dodged            |    20 |     9 ||    29

Table legend: (Time is in decaauts)
 A = Elapsed time spent in this place.
 B = Non-inter-level travel time spent in this place.
 C = Inter-level travel time spent in this place.
 D = Time resting spent in this place.
 E = Time spent auto-exploring this place.
 F = Levels seen in this place.
 G = Mean time per level.
                   A        B        C        D        E       F      G
               +--------+--------+--------+--------+--------+-----+--------+
         Total |   2367 |   2288 |     79 |   1061 |    864 |   2 | 1183.5 |
       Dungeon |   2367 |   2288 |     79 |   1061 |    864 |   2 | 1183.5 |
               +--------+--------+--------+--------+--------+-----+--------+

Top non-repeatable levels by time:
     D:1: 1220 daAuts
     D:2: 1146 daAuts
